 Dungeon Crawl Stone Soup version 0.19-a0-1225-gf887c1c (webtiles) character file.

784 rlgrobin the Carver (level 7, -1/55 HPs)
             Began as a Ghoul Gladiator on Aug 26, 2016.
             Slain by a centaur (4 damage)
             ... on level 5 of the Dungeon.
             The game lasted 00:13:54 (4600 turns).

rlgrobin the Carver (Ghoul Gladiator)               Turns: 4600, Time: 00:13:55

Health: -1/55      AC:  9    Str: 19    XL:     7   Next: 86%
Magic:  6/6        EV:  8    Int:  3    God:
Gold:   287        SH:  0    Dex: 11    Spells: 0 memorised, 6 levels left

rFire  . . .     SeeInvis .     a - +0 long sword
rCold  + . .     Gourm    .     h - +0 chain mail
rNeg   + + +     Faith    .     (no shield)
rPois  ∞         Spirit   .     c - +0 helmet
rElec  .         Dismiss  .     (no cloak)
rCorr  +         Reflect  .     (no gloves)
MR     .....     Harm     .     (no boots)
Stlth  ..........               (no amulet)
                                (no ring)
                                j - ring of resist corrosion

@: rotting
A: rotting body, claws 1, carnivore 3, cold resistance 1, negative energy
resistance 3, slow regeneration 1, torment resistance, unbreathing
a: no special abilities


You were on level 5 of the Dungeon.
You were not hungry.

You visited 1 branch of the dungeon, and saw 5 of its levels.

You collected 287 gold pieces.

Inventory:

Hand Weapons
 a - a +0 long sword (weapon)
Missiles
 d - 3 throwing nets {=f}
 C - 5 javelins (quivered)
Armour
 b - a +0 leather armour
 c - a +0 helmet (worn)
 e - a +0 ring mail of fire resistance
 h - a +0 chain mail (worn)
 n - a +0 buckler
Jewellery
 j - a ring of resist corrosion (left claw)
 F - an uncursed ring of see invisible {unknown}
Wands
 I - a wand of enslavement (10/24)
Scrolls
 g - 3 scrolls of noise {unknown}
 l - 2 scrolls of identify {unknown}
 m - 2 scrolls of remove curse {unknown}
 r - 2 scrolls of random uselessness {unknown}
 t - a scroll of enchant armour {unknown}
 v - 4 scrolls of teleportation {unknown}
 y - a scroll of enchant weapon {unknown}
 z - a scroll of fear {unknown}
 A - 2 scrolls of blinking {unknown}
Potions
 i - a potion of brilliance {unknown}
 k - a potion of flight {unknown}
 o - a potion of berserk rage {unknown}
 p - a potion of cancellation {unknown}
 s - a potion of agility {unknown}
 u - a potion of mutation {unknown}
 w - 2 potions of lignification {unknown}
 x - a potion of heal wounds {unknown}
 D - 2 potions of cure mutation {unknown}
 G - a potion of curing {unknown}
Books
 B - a book of the Dragon

   Spells                             Type                      Level
   a - Flame Tongue                   Conjuration/Fire             1
   b - Cause Fear                     Hexes                        4
   c - Bolt of Fire                   Conjuration/Fire             6
   d - Dragon Form                    Transmutation                7
   e - Dragon's Call                  Summoning                    9
Comestibles
 f - 4 meat rations
 q - 2 royal jellies
 E - 2 slices of pizza
 H - a beef jerky


   Skills:
 + Level 2.2 Fighting
 * Level 8.2 Long Blades
 - Level 1.7 Throwing
 + Level 0.1 Armour
 + Level 2.7 Dodging


You had 6 spell levels left.
You didn't know any spells.

Dungeon Overview and Level Annotations

Branches:
Dungeon (5/15)
 Temple: D:4-7

Altars:
Hepliaklqana
Nemelex Xobeh
Xom
The Shining One


Innate Abilities, Weirdness & Mutations

Your body is rotting away.
You thrive on raw meat.
You are immune to poison.
You have sharp fingernails.
You are carnivorous and can eat meat at any time.
Your flesh is cold resistant. (rC+)
You are immune to negative energy. (rN+++)
You regenerate slowly when monsters are visible.
You are immune to unholy pain and torment.
You can survive without breathing.


Message History

You closely miss the centaur. The centaur hits you.
* * * LOW HITPOINT WARNING * * *
You hit the centaur.
The centaur is lightly wounded.
The centaur hits you.
* * * LOW HITPOINT WARNING * * *
The centaur completely misses you.
You riposte.
You barely miss the centaur.
The centaur is lightly wounded.
You closely miss the centaur.
The centaur is lightly wounded.
The centaur hits you but does no damage.
You barely miss the centaur.
The centaur is lightly wounded.
The centaur hits you but does no damage.
The centaur hits you!
* * * LOW HITPOINT WARNING * * *
You hit the centaur.
The centaur is moderately wounded.
The centaur hits you.
You die...

#.....[...##
####.........)
#........##
#..######## ##.....##
########.## #. ....##
#.....##.# ## .##
#.....#.## # #.....#.#
# #.....#%# # .######
#......## ###
.......#######@.(...#
##.##
.......(..)..c......#
##...#
...###.########.....##
#....## #. #._.#..#
##.....# .. #...##.#
#..b...# ...
##..##.###....... #...
######.#........ #...
#.#........ #...
#.........#


You could see a centaur.

Vanquished Creatures
  A hippogriff (D:3)
  A phantom (D:4)
  A scorpion (D:4)
  A hound (D:4)
  A centaur skeleton (D:5)
  An orc priest (D:4)
  3 iguanas
  3 worker ants
  2 hound skeletons (D:5)
  2 gnolls
  10 adders
  2 shadow imps
  2 worms (D:5)
  2 dart slugs
  3 giant geckos
  8 orcs
  15 bats
  7 giant cockroaches
  9 hobgoblins
  7 jackals
  2 quokkas
  A ball python skeleton (D:4)
  A giant gecko skeleton (D:5)
  6 giant newts
  3 goblins
  9 kobolds
  11 rats
114 creatures vanquished.

Vanquished Creatures (others)
  An ogre (D:5)
1 creature vanquished.

Grand Total: 115 creatures vanquished

Notes
Turn   | Place    | Note
-------+----------+-------------------------------------------
     0 | D:1      | rlgrobin the Ghoul Gladiator began the quest for the Orb.
     0 | D:1      | Reached XP level 1. HP: 17/17 MP: 0/0
   322 | D:1      | Reached skill level 3 in Long Blades
   392 | D:1      | Reached XP level 2. HP: 23/24 MP: 1/1
   513 | D:1      | Reached XP level 3. HP: 18/29 MP: 2/2
  1006 | D:2      | Reached skill level 4 in Long Blades
  1284 | D:2      | Found a sparkling altar of Nemelex Xobeh.
  1393 | D:2      | Reached XP level 4. HP: 27/36 MP: 3/3
  1930 | D:3      | Noticed a hippogriff
  1949 | D:3      | Killed a hippogriff
  1949 | D:3      | Reached skill level 5 in Long Blades
  1949 | D:3      | Reached XP level 5. HP: 6/41 MP: 4/4
  2072 | D:3      | Reached XP level 6. HP: 48/48 MP: 5/5
  2165 | D:3      | Reached skill level 6 in Long Blades
  2254 | D:3      | Found a hazy altar of Hepliaklqana.
  3453 | D:4      | Reached skill level 7 in Long Blades
  3453 | D:4      | Reached XP level 7. HP: 54/55 MP: 6/6
  3995 | D:5      | Entered Level 5 of the Dungeon
  4021 | D:5      | Found a glowing golden altar of the Shining One.
  4163 | D:5      | Found a hazy altar of Hepliaklqana.
  4184 | D:5      | Reached skill level 8 in Long Blades
  4519 | D:5      | Found a shimmering altar of Xom.
  4600 | D:5      | Slain by a centaur

Vault maps used:
D:1:      dpeg_arrival_houses_and_road, st_stairs_14
D:2:      grunt_ministairs_3, nemelex_diamond_rough_becter
D:3:      nicolae_overflow_crystal_walls, first_bread
D:4:      kennysheep_generic_room_16
D:5:      xom_butterflies, hangedman_feature_mirror

Skill      XL: |  1  2  3  4  5  6  7 |
---------------+----------------------+-----
Long Blades    | 3 4 5 7 8 |  8.2
Fighting       | |  2.2
Throwing       | |  1.7
Armour         | |  0.1
Dodging        | |  2.7

Action                   |  1- 3 |  4- 6 |  7- 9 || total
-------------------------+-------+-------+-------++-------
Melee: Long sword        |   184 |   284 |   160 ||   628
Evoke: Wand              |       |       |     1 ||     1
  Eat: Chunk             |     7 |    17 |    17 ||    41
Armor: Leather armour    |    34 |       |       ||    34
       Chain mail        |    52 |   149 |    55 ||   256
Dodge: Dodged            |    85 |   105 |    51 ||   241
